Map: Eternal Empire LE

Players

DisK

  • Race: Protoss Protoss
  • League: Grandmaster
  • Spawn Location: 1:00

Silky - Winner!

  • Race: Zerg Zerg
  • Spawn Location: 7:00

Event: The Miserable Cup

VOD

Have the link to the VOD?

Description

Time

  • Played on: June 17, 2020, 10:35 a.m.
  • Length: 8:45

All games in this series

Show
View Real Time Build Order
Export as new Build Order

DisK Protoss 

Build Orders: 1 Gate Expand, Oracle Opening, Zealot Archon 

Get SALT Encoding   

  12  0:01  Probe  
  13  0:13  Probe  
  14  0:17  Pylon  
  14  0:25  Probe  
  15  0:33  Probe  
  15  0:39  Gateway  
  15  0:41  Probe  
  16  0:47  Assimilator  
  17  0:51  Probe  
  18  1:03  Probe  
  19  1:15  Probe  
  20  1:24  Nexus  
  20  1:35  Cybernetics Core  
  20  1:38  Probe  
  21  1:44  Assimilator  
  21  1:50  Probe  
  21  1:52  Pylon  
  22  2:03  Stalker, Probe  
  23  2:15  Probe  
  26  2:26  Probe  
  26  2:27  Stargate  
  27  2:32  Probe  
  27  2:34  Probe  
  27  2:35  Warp Gate  
  28  2:40  Probe  
  28  2:42  Probe, Adept  
  31  2:50  Probe  
  33  2:53  Probe  
  35  3:02  Oracle, Probe  
  35  3:05  Probe  
  40  3:14  Probe  
  40  3:17  Probe  
  40  3:19  Gateway  
  42  3:21  Pylon  
  42  3:22  Adept  
  42  3:26  Probe  
  45  3:31  Oracle  
  45  3:32  Probe  
  46  3:39  Probe  
  50  3:44  Probe  
  51  3:51  Probe  
  52  3:57  Nexus  
  52  3:59  Pylon  
  52  4:03  Probe x2  
  52  4:06  Assimilator  
  52  4:07  Assimilator  
  54  4:18  Probe  
  54  4:21  Robotics Facility  
  54  4:23  Pylon  
  55  4:28  Probe  
  55  4:30  Probe  
  57  4:32  Adept x2  
  61  4:40  Probe  
  61  4:43  Twilight Council  
  62  4:45  Forge  
  62  4:52  Probe  
  63  4:54  Sentry x2  
  63  4:57  Probe  
  63  4:58  Gateway x2  
  68  5:03  Probe  
  68  5:05  Probe x2  
  69  5:11  Observer, Probe  
  72  5:15  Probe x2  
  72  5:17  Pylon  
  72  5:19  Probe  
  72  5:20  Protoss Ground Weapons Level 1  
  72  5:21  Charge  
  75  5:25  Probe x2  
  75  5:27  Pylon  
  78  5:35  Immortal  
  82  5:37  Gateway  
  82  5:41  Gateway  
  82  5:42  Gateway  
  82  5:46  Probe x2, Gateway  
  82  5:48  Probe  
  83  5:50  Pylon  
  83  5:53  Assimilator  
  83  5:54  Assimilator  
  83  5:55  Probe x2  
  83  5:58  Templar Archives  
  83  6:00  Probe  
  86  6:05  Gateway  
  86  6:09  Gateway  
  86  6:14  Probe x2  
  86  6:17  Probe  
  88  6:19  Pylon  
  88  6:20  Pylon  
  88  6:23  Pylon  
  88  6:24  Zealot x2  
  92  6:26  Probe, Warp Prism  
  92  6:31  Probe  
  97  6:39  Probe  
  98  6:43  High Templar x4  
  105  6:48  Archon  
  105  6:49  Archon  
  105  6:54  Zealot x2  
  105  6:56  Observer  
  109  7:03  Nexus  
  109  7:04  Psionic Storm, Pylon  
  110  7:13  High Templar  
  110  7:14  High Templar  
  110  7:15  Zealot x6  
  116  7:18  Archon  
  126  7:26  Pylon  
  126  7:40  Zealot x3  
  132  7:49  Zealot x5  
  120  8:01  Probe x3  
  120  8:04  Immortal  
  114  8:07  Zealot x3  
  112  8:13  Probe x3  
  112  8:15  Pylon  
  112  8:16  Nexus  
  112  8:18  Pylon  
  112  8:19  Assimilator  
  115  8:20  Assimilator  
  115  8:25  Probe x3  
  112  8:30  Zealot x5  
Show
View Real Time Build Order
Export as new Build Order

Silky Zerg - Winner!

Build Orders: Hatch First, Lurkers 

Get SALT Encoding   

  12  0:00  Drone  
  13  0:12  Overlord  
  13  0:17  Drone  
  14  0:30  Drone x2  
  16  0:47  Hatchery  
  15  0:50  Drone  
  15  0:54  Drone  
  17  0:57  Drone  
  18  1:09  Extractor  
  17  1:12  Spawning Pool  
  17  1:15  Drone  
  17  1:19  Drone  
  18  1:28  Drone  
  19  1:38  Drone  
  20  1:46  Hatchery  
  19  1:49  Drone  
  20  1:59  Queen  
  20  2:00  Drone  
  23  2:04  Drone  
  24  2:10  Drone  
  24  2:14  Overlord  
  25  2:21  Queen  
  27  2:26  Drone  
  28  2:33  Metabolic Boost  
  28  2:35  Drone  
  28  2:36  Drone  
  30  2:39  Drone  
  31  2:49  Overlord  
  31  2:50  Queen  
  33  2:53  Drone x2  
  33  2:58  Queen  
  35  3:00  Drone  
  35  3:03  Zergling x2  
  39  3:10  Drone x3  
  42  3:16  Drone  
  42  3:18  Overlord  
  43  3:20  Drone  
  43  3:24  Overlord  
  44  3:29  Queen  
  44  3:30  Drone x2  
  44  3:33  Spore Crawler  
  47  3:35  Overlord  
  47  3:49  Drone x5  
  47  3:50  Drone x3  
  47  3:51  Drone  
  56  3:56  Spore Crawler  
  56  3:58  Drone  
  56  3:59  Drone x2  
  56  4:01  Overlord  
  58  4:08  Spine Crawler, Zergling x4  
  58  4:09  Zergling x2  
  60  4:10  Zergling x2  
  58  4:18  Drone  
  58  4:19  Drone x5  
  58  4:21  Drone  
  65  4:25  Spore Crawler  
  65  4:27  Drone x2  
  65  4:28  Drone  
  67  4:31  Lair  
  67  4:34  Extractor  
  67  4:36  Extractor  
  67  4:38  Drone x4  
  68  4:40  Overlord  
  68  4:43  Overlord  
  69  4:46  Zergling x4  
  69  4:47  Zergling x2  
  69  4:52  Zergling x4  
  74  4:54  Overlord  
  74  4:59  Drone x2  
  77  5:00  Drone x2  
  77  5:04  Drone  
  77  5:06  Overlord  
  78  5:08  Drone  
  78  5:13  Drone  
  80  5:19  Overlord  
  80  5:21  Hatchery  
  80  5:22  Drone x2  
  80  5:23  Drone x5  
  80  5:25  Extractor x2  
  80  5:26  Evolution Chamber  
  82  5:30  Drone  
  82  5:31  Overlord  
  82  5:32  Hydralisk Den, Overseer  
  82  5:37  Overlord x2  
  82  5:39  Overseer  
  82  5:48  Drone x2  
  82  5:49  Drone  
  84  5:51  Zerg Missile Weapons Level 1, Extractor  
  83  6:03  Drone  
  84  6:04  Muscular Augments  
  84  6:05  Lurker Den  
  84  6:07  Hydralisk  
  84  6:08  Hydralisk x4  
  84  6:10  Overlord  
  93  6:14  Overlord  
  93  6:18  Drone x5  
  97  6:22  Drone, Hydralisk x2  
  97  6:23  Hydralisk  
  105  6:30  Unknown  
  105  6:31  Hydralisk x3  
  105  6:32  Zergling x8  
  114  6:34  Overlord  
  114  6:37  Hydralisk, Spore Crawler  
  115  6:45  Overlord x2  
  115  6:46  Overseer  
  115  6:47  Hydralisk  
  115  6:48  Zergling x6  
  115  6:51  Zergling x4  
  122  6:54  Zergling x2  
  122  6:56  Zergling x2  
  122  7:00  Drone  
  122  7:01  Zergling x4, Drone  
  126  7:02  Zergling x4  
  130  7:11  Lurker x2  
  130  7:12  Lurker x3  
  130  7:14  Hydralisk  
  130  7:15  Zergling x16  
  138  7:16  Grooved Spines  
  138  7:17  Lurker  
  138  7:21  Zergling x2  
  138  7:22  Zergling x8  
  151  7:24  Lurker x2  
  153  7:30  Overlord  
  153  7:37  Hydralisk x5  
  140  7:53  Hydralisk x6  
  145  8:01  Drone x6  
  145  8:05  Hydralisk x3  
  147  8:13  Overseer  
  147  8:16  Zergling x12  
Tags
 
Add a new tag
Caveats
  • Supply blocks, unpowered buildings, or Contaminate may cause inaccurate times.
  • Supply counts are checked every 10 seconds.